 Dungeon Crawl Stone Soup version 0.30.1-4-g462c640d31 (webtiles) character file.

Game seed: 5858273324425000986

2534 boopmooplesden the Protected (level 9, -3/79 HPs)
             Began as an Armataur Fighter on Sept 13, 2023.
             Was an Initiate of Trog.
             Slain by a yak (11 damage)
             ... on level 7 of the Dungeon.
             The game lasted 00:09:41 (5984 turns).

boopmooplesden the Protected (Armataur Fighter)     Turns: 5984, Time: 00:09:42

Health: -3/79      AC: 13    Str: 30    XL:     9   Next: 30%
Magic:  9/9        EV:  8    Int:  8    God:    Trog [......]
Gold:   204        SH:  5    Dex: 12    Spells: 8/8 levels left

rFire   . . .        g - +1 short sword (venom)
rCold   . . .        c - +0 buckler
rNeg    . . .        y - +0 chain mail of Uskayaw's Fury {rPois Int+2 Slay+3}
rPois   +            k - +0 helmet
rElec   .            l - +0 cloak
rCorr   .            (no gloves)
SInv    .            (no barding)
Will    +....        (no amulet) Stlth
                     j - ring of poison resistance
HPRegen 0.33/turn    (no ring)
MPRegen 0.11/turn

%: roll
@: unable to drink
A: large, rugged brown scales 3, deformed body, armoured tail, roll, long
tongue, awkward tongue, stinger 2, strong-willed 1, sense surroundings 1,
screaming 1, strong 2, inability to drink after injury 1
a: Renounce Religion


You were on level 7 of the Dungeon.
You worshipped Trog.
Trog was noncommittal.
You visited 2 branches of the dungeon, and saw 8 of its levels.

You collected 432 gold pieces.
You spent 228 gold pieces at shops.

Inventory:

Hand Weapons
 a - a +0 rapier
 g - a +1 short sword of venom (weapon)
 o - a +1 long sword of holy wrath
Missiles
 h - 5 boomerangs (quivered)
 r - a throwing net
Armour
 b - a +0 scale mail
 c - a +0 buckler (worn)
 k - a +0 helmet (worn)
 l - a +0 cloak (worn)
 q - +0 ice dragon scales
 y - the +0 chain mail of Uskayaw's Fury (worn) {rPois Int+2 Slay+3}
   (You bought it in a shop on level 6 of the Dungeon)

   Int:       It affects your intelligence (+2).
   Slay:      It affects your accuracy & damage with ranged weapons and melee
   (+3).
   rPois:     It protects you from poison.
Jewellery
 j - a ring of poison resistance (left hand)
 u - a +4 ring of protection
 v - a ring of magical power
 B - the ring of Becucu Olos {rN+ EV+5 Dex+3}
   (You found it on level 6 of the Dungeon)

   [ring of evasion]

   EV:        It affects your evasion (+5).
   Dex:       It affects your dexterity (+3).
   rN:        It protects you from negative energy.
Wands
 i - a wand of polymorph (6)
 s - a wand of digging (7)
Scrolls
 f - 2 scrolls of identify
 t - a scroll of noise
 z - a scroll of enchant armour {unknown}
 C - a scroll of fog {unknown}
 D - 2 scrolls of torment
Potions
 d - 4 potions of might
 e - 2 potions of haste
 m - 3 potions of lignification
 n - a potion of brilliance
 p - 2 potions of degeneration
 w - 2 potions of curing
 x - 2 potions of heal wounds
 A - a potion of flight {unknown}


   Skills:
 + Level 5.0 Fighting
 + Level 6.6 Short Blades
 + Level 9.9 Armour
 + Level 2.6 Dodging
 + Level 0.9 Stealth
 + Level 5.2 Shields


You had 8 spell levels left.
You didn't know any spells.
Your spell library contained the following spells:

 Spells                   Type           Power      Damage    Failure   Level
 Beastly Appendage        Tmut           0%         N/A       86%         1
 Ensorcelled Hibernation  Hex/Ice        0%         N/A       94%         2
 Passwall                 Tmut/Erth      0%         N/A       94%         2
 Wereblood                Tmut           0%         N/A       94%         2
 Spider Form              Tmut/Pois      0%         N/A       99%         3
 Swiftness                Air            0%         N/A       99%         3
 Tukima's Dance           Hex            0%         N/A       99%         3
 Animate Dead             Necr           0%         N/A       100%        4
 Passage of Golubria      Tloc           0%         N/A       100%        4
 Borgnjor's Vile Clutch   Necr/Erth      0%         N/A       100%        5
 Yara's Violent Unravell  Hex/Tmut       0%         3d3       100%        5
 Death Channel            Necr           0%         N/A       100%        6


Dungeon Overview and Level Annotations

Branches:
Dungeon (7/15)             Temple (1/1) D:6

Altars:
Ashenzari
Elyvilon
Fedhas
Gozag
Hepliaklqana
Nemelex Xobeh
Okawaru
Qazlal
Trog
Vehumet
Wu Jian
Xom
Yredelemnul
Zin
The Shining One

Shops:
D:6 [


Innate Abilities, Weirdness & Mutations

You are completely covered in rugged brown scales. (AC +3, +7% HP)
Armour fits poorly on your strangely shaped body.
You have a long armoured tail.
You roll when moving toward enemies. (Rampage)
Your long tongue fully drains potion bottles. (2x potion effects)
Your tongue gives you trouble enunciating. (1.5x scroll delay)
Your tail ends in a sharp venomous barb.
You are strong-willed. (Will+)
You passively map a small area around you.
You occasionally shout uncontrollably at your foes.
Your muscles are very strong. (Str +8, Int/Dex -2)
You occasionally lose the ability to drink potions when taking damage.


Message History

The yak gores you but does no damage.
You completely miss the yak.
The yak is moderately wounded.
You hit the yak.
The yak is poisoned.
The yak is moderately wounded.
The yak gores you but does no damage.
You barely miss the yak.
The yak is moderately wounded.
The yak gores you but does no damage.
You hit the yak.
The yak looks as sick as possible!
Your tail-slap misses the yak.
The yak is heavily wounded.
The yak gores you but does no damage.
You hit the yak.
The yak looks as sick as possible!
The yak is heavily wounded.
You hit the yak but do no damage.
The yak looks as sick as possible!
The yak is severely wounded.
The yak gores you.
You hit the yak.
Your tail-slap misses the yak.
The yak is almost dead.
You block the yak's attack.
You hit the yak.
You kill the yak!
Trog accepts your kill.
Your Fighting skill increases to level 5!
You hit the yak.
The yak is poisoned.
The yak is lightly wounded.
You hit the yak.
The yak looks as sick as possible!
The yak is lightly wounded.
The yak gores you!
You feel threatened and lose the ability to drink potions!
* * * LOW HITPOINT WARNING * * *
You cannot drink potions in your current state!
As you slowly read the scroll labelled WECUCIW FIONN, it crumbles to dust.
Your body is wracked with pain!
* * * LOW HITPOINT WARNING * * *
The yak convulses! x3; It was a scroll of torment.
The yak gores you.
* * * LOW HITPOINT WARNING * * *
The yak gores you!
You die...

..., ♣~~♣♣♣~~~♣ #.#
#~K♣♣~~~~♣♣♣♣
####.#####..#♣S♣~~~P♣~
#>............YYK..#
#.#.....###<##.##.....
#.#.###.# ####Y#***#.#
#.#.# #.# #.# ,
#.#.###.######.# *
#.#...#...@YYYK#
#.###.########## *
#####.###.#### *
#............#
#............# ** * *
#............+, , , ,
#............######*
** #.................#
#............####.#


You could see 3 yaks and a kobold.

Vanquished Creatures
  A wraith (D:5)
  3 yaks (D:7)
  Eustachio (D:5)
  Edmund (D:5)
  An ice beast (D:5)
  A black bear (D:5)
  3 ogres
  A kobold brigand (D:7)
  A phantom (D:6)
  A scorpion (D:5)
  A bullfrog (D:7)
  3 wights (D:6)
  A water moccasin zombie (D:5)
  2 bullfrog zombies (D:5)
  A centaur zombie (D:5)
  A jelly (D:5)
  2 orc priests
  A hound (D:5)
  3 iguanas
  2 sleepcaps (D:5)
  5 orc wizards
  A scorpion zombie (D:5)
  Natasha (thrice) (D:3)
  Robin (D:2)
  7 adders
  2 white imps
  4 worms
  2 dart slugs
  25 orcs
  6 bats
  11 endoplasms
  17 goblins
  8 hobgoblins
  6 quokkas
  10 ball pythons
  A frilled lizard (D:3)
  8 kobolds
  5 rats
153 creatures vanquished.

Notes
Turn   | Place    | Note
-------+----------+-------------------------------------------
     0 | D:1      | boopmooplesden the Armataur Fighter began the quest for the
                  | Orb.
     0 | D:1      | Reached XP level 1. HP: 19/19 MP: 1/1
    82 | D:1      | Reached XP level 2. HP: 22/26 MP: 2/2
   225 | D:1      | Found a faded altar of an unknown god.
   324 | D:1      | Reached skill level 4 in Armour
   729 | D:2      | Reached XP level 3. HP: 31/33 MP: 3/3
   978 | D:2      | Noticed Robin
   988 | D:2      | Killed Robin
  1019 | D:2      | Reached XP level 4. HP: 34/40 MP: 4/4
  1389 | D:2      | Gained mutation: You occasionally shout uncontrollably at
                  | your foes. [potion of mutation]
  1389 | D:2      | Gained mutation: You are strong-willed. (Will+) [potion of
                  | mutation]
  1389 | D:2      | Gained mutation: You occasionally lose the ability to drink
                  | potions when taking damage. [potion of mutation]
  1389 | D:2      | Gained mutation: You have hidden genetic potential. [potion
                  | of mutation]
  1389 | D:2      | Gained mutation: Your muscles are strong. (Str +4, Int/Dex
                  | -1) [potion of mutation]
  1389 | D:2      | Gained mutation: Your muscles are very strong. (Str +8,
                  | Int/Dex -2) [potion of mutation]
  1497 | D:3      | Reached XP level 5. HP: 42/48 MP: 5/5
  1600 | D:3      | Found an ornate altar of the Wu Jian Council.
  1614 | D:3      | Found a blossoming altar of Fedhas.
  1668 | D:3      | Noticed Natasha
  1671 | D:3      | Killed Natasha
  1672 | D:3      | Reached skill level 5 in Armour
  1680 | D:3      | Gained mutation: Your tail ends in a venomous barb. [hidden
                  | potential]
  1734 | D:3      | Noticed Natasha
  1749 | D:3      | Killed Natasha
  1750 | D:3      | Reached skill level 1 in Dodging
  2029 | D:3      | Noticed Natasha
  2036 | D:3      | Killed Natasha
  2146 | D:4      | Reached XP level 6. HP: 39/54 MP: 6/6
  2289 | D:4      | Gained mutation: You have great hidden genetic potential.
                  | [hidden potential]
  2289 | D:4      | Lost mutation: You have great hidden genetic potential.
                  | [hidden potential expressed]
  2405 | D:4      | Found a broken altar of Ashenzari.
  2405 | D:4      | Found a radiant altar of Vehumet.
  2407 | D:4      | Found a white marble altar of Elyvilon.
  3120 | D:5      | Entered Level 5 of the Dungeon
  3235 | D:5      | Noticed Eustachio
  3250 | D:5      | Killed Eustachio
  3251 | D:5      | Reached skill level 6 in Armour
  3251 | D:5      | Reached XP level 7. HP: 56/62 MP: 7/7
  3262 | D:5      | Gained mutation: You passively map a small area around you.
                  | [hidden potential]
  3498 | D:5      | Found a basalt altar of Yredelemnul.
  3547 | D:5      | Reached skill level 5 in Short Blades
  3569 | D:5      | Reached skill level 7 in Armour
  3741 | D:5      | Noticed a wraith
  3791 | D:5      | HP: 2/63 [wraith (7)]
  3807 | D:5      | Killed a wraith
  3808 | D:5      | Reached XP level 8. HP: 17/70 MP: 8/8
  4014 | D:5      | Gained mutation: Your tail ends in a sharp venomous barb.
                  | [hidden potential]
  4014 | D:5      | Lost mutation: You have hidden genetic potential. [hidden
                  | potential expressed]
  4212 | D:5      | Noticed Edmund
  4225 | D:5      | Killed Edmund
  4493 | D:5      | Reached skill level 8 in Armour
  4655 | D:6      | Found Cary's Antique Armour Emporium.
  4658 | D:6      | Bought a masterwork chain mail for 228 gold pieces
  4658 | D:6      | Identified the +0 chain mail of Uskayaw's Fury {rPois Int+2
                  | Slay+3} (You bought it in a shop on level 6 of the Dungeon)
  4927 | D:6      | Reached skill level 9 in Armour
  5093 | D:6      | Identified the ring of Becucu Olos {rN+ EV+5 Dex+3}
  5459 | D:6      | Reached skill level 5 in Shields
  5459 | D:6      | Reached XP level 9. HP: 56/78 MP: 9/9
  5577 | D:6      | Found a staircase to the Ecumenical Temple.
  5586 | Temple   | Entered the Ecumenical Temple
  5595 | Temple   | Became a worshipper of Trog the Wrathful
  5982 | D:7      | Reached skill level 5 in Fighting
  5984 | D:7      | Slain by a yak

Illustrated notes

Levels and vault maps discovered:
D:1:      dpeg_arrival_ternary, layout_basic, chequers_ecumenical_altar_lobes,
          chequers_serial_rivers_marsh, minmay_octomino_j4
D:2:      minmay_diamond_boxcup, layout_loops_ring, serial_glass,
          glass_columns_c, glass_columns_a, glass_columns_a, glass_columns_a,
          glass_columns_b, glass_columns_a, uniq_robin
D:3:      layout_basic, fedhas_altar_fruit_tree, nicolae_overflow_hidden_temple,
          uniq_natasha
D:4:      layout_basic, gammafunk_temple_overflow_forgotten
D:5:      layout_basic, nicolae_yredelemnul_corpse_copse, hex_tiny,
          uniq_eustachio, uniq_edmund
D:6:      layout_gridville, minmay_temple_entry_hall, nicolae_stop_n_shop_1
D:7:      layout_basic, serial_bayou_lake_a
Temple:   nicolae_temple_ecumenical_triangle

Skill      XL: |  1  2  3  4  5  6  7  8  9 |
---------------+----------------------------+-----
Fighting       | 3 4 5 |  5.0
Short Blades   | 2 3 4 5 6 |  6.6
Armour         | 4 5 6 7 9 |  9.9
Dodging        | 1 2 |  2.6
Shields        | 4 5 |  5.2
Stealth        | |  0.9

Action                     |  1- 3 |  4- 6 |  7- 9 || total
---------------------------+-------+-------+-------++-------
  Melee: Rapier            |    24 |       |       ||    24
         Tailslap          |    11 |    37 |    52 ||   100
         Short sword       |    94 |   269 |   319 ||   682
    Use: Scroll            |       |     7 |     4 ||    11
         Potion            |       |     1 |     4 ||     5
 Armour: Scale mail        |    50 |       |       ||    50
         Ice dragon scales |    11 |   111 |   100 ||   222
         Chain mail        |       |       |    33 ||    33
  Dodge: Dodged            |    55 |    58 |    88 ||   201
  Block: Buckler           |    15 |    38 |    40 ||    93
